 Dungeon Crawl Stone Soup version 0.26-a0-27-g1f0226971c (webtiles) character file.

Game seed: 8204148187580331854, levelgen mode: deterministic

175974 HoaS the Wrestler (level 18, -8/131 HPs)
             Began as a Gargoyle Berserker on May 25, 2020.
             Was the Champion of Trog.
             Killed by divine providence
             ... invoked by a smoke demon
              (14 damage)
             ... on level 3 of the Abyss on May 27, 2020.
             The game lasted 01:21:55 (27942 turns).

HoaS the Wrestler (Gargoyle Berserker)             Turns: 27942, Time: 01:21:55

Health: -8/131     AC: 45    Str: 26    XL:     18   Next: 11%
Magic:  18/18      EV:  8    Int: 15    God:    Trog [******]
Gold:   1957       SH:  0    Dex: 16    Spells: 17/17 levels left

rFire    + . .     SeeInvis .     - Unarmed
rCold    . . .     Gourm    .   (no shield)
rNeg     + . .     Faith    .   u - +4 plate armour {rF+}
rPois    ∞         Spirit   .   v - +1 helmet
rElec    +         Reflect  .   k - +2 cloak
rCorr    .         Harm     .   f - +3 pair of gloves of Nemelex Xobeh's Grace {Str+2}
MR       ++...     Rnd*Rage +   O - +2 pair of boots {run}
Stlth    ..........             i - amulet of regeneration
HPRegen  0.71/turn              K - +4 ring of slaying
MPRegen  0.16/turn              o - ring of the Death Scarab {+Fly MR+ Int+5 Dex+4 Stlth+}

@: flying, quick
A: big wings, berserk 1, negative energy resistance 1, electricity resistance,
unbreathing, petrification resistance, rot immunity, AC +13
a: Stop Flying, Berserk, Trog's Hand, Brothers in Arms, Renounce Religion


You were on level 3 of the Abyss.
You worshipped Trog.
Trog was exalted by your worship.
You were very hungry.

You visited 4 branches of the dungeon, and saw 26 of its levels.
You visited the Abyss 1 time.
You also visited: Bailey and Gauntlet.

You collected 2804 gold pieces.
You spent 847 gold pieces at shops.

Inventory:

Armour
 f - the +3 pair of gloves of Nemelex Xobeh's Grace (worn) {Str+2}
   (You found it in a Gauntlet)

   It affects your strength (+2).
 k - a +2 cloak (worn)
 u - a +4 plate armour of fire resistance (worn)
 v - a +1 helmet (worn)
 O - a +2 pair of boots of running (worn)
Jewellery
 i - an amulet of regeneration (around neck)
 l - an uncursed ring of protection from magic
 o - the ring of the Death Scarab (right hand) {+Fly MR+ Int+5 Dex+4 Stlth+}
   (You found it on level 15 of the Dungeon)

   [ring of flight]

   It affects your intelligence (+5).
   It affects your dexterity (+4).
   It affects your resistance to hostile enchantments.
   It lets you fly.
   It makes you more stealthy.
 t - a +6 ring of strength
 C - a +6 ring of strength
 E - the ring of Raceitew {Fire Int+4}
   (You found it on level 13 of the Dungeon)

   [ring of fire]

   It enhances your fire magic.
   It affects your intelligence (+4).
   It protects you from fire.
   It makes you vulnerable to cold.
 F - an uncursed ring of fire
 J - an uncursed ring of ice
 K - a +4 ring of slaying (left hand)
 M - an uncursed ring of protection from cold
 T - the ring "Fiec" {rC+ rCorr Dex+4}
   (You found it on level 15 of the Dungeon)

   [ring of resist corrosion]

   It affects your dexterity (+4).
   It protects you from cold.
   It provides partial protection from all sources of acid and corrosion.
 U - an uncursed ring of resist corrosion
Scrolls
 c - 4 scrolls of enchant armour
 d - a scroll of torment {unknown}
 j - 5 scrolls of fog
 m - 4 scrolls of fear
 y - 10 scrolls of teleportation
 D - 5 scrolls of remove curse
 N - 3 scrolls of identify
 R - a scroll of magic mapping
Potions
 e - 3 potions of lignification
 h - 3 potions of invisibility
 n - 16 potions of curing
 p - a potion of ambrosia
 w - 7 potions of might
 z - 5 potions of haste
 B - 12 potions of heal wounds
 G - 3 potions of resistance
 H - 2 potions of mutation
 L - a potion of cancellation
 P - a potion of berserk rage
Comestibles
 b - 58 rations


   Skills:
 + Level 20.5 Fighting
 - Level 9.0 Armour
 - Level 1.5 Dodging
 * Level 22.0 Unarmed Combat


You had 17 spell levels left.
You didn't know any spells.
Your spell library was empty.

Dungeon Overview and Level Annotations

Branches:
Dungeon (15/15)            Temple (0/1) D:7            Lair (6/6) D:9
 Shoals (3/4) Lair:4       Spider (0/4) Lair:4        Slime (0/5) Lair:5
    Orc (2/2) D:11            Elf (0/3) Orc:2        Vaults (0/5) D:13
 Depths (0/5) D:15         Bailey (visited)         Gauntlet (visited)

Altars:
Ashenzari
Okawaru
Sif Muna
Uskayaw
Xom
Yredelemnul
Zin
Beogh
Jiyva

Shops:
Orc:2 [(((*:   Shoals:2 *

Annotations:
Shoals:1 2 transporters, Natudy's ghost, adept DDFi
Shoals:3 2 transporters, vurker's ghost, adept DrCj


Innate Abilities, Weirdness & Mutations

You are resistant to torment.
Your stone body is resilient. (AC +13)
You are immune to poison.
Your large and strong wings let you fly indefinitely.
You resist negative energy. (rN+)
You are resistant to electric shocks. (rElec)
You can survive without breathing.
You are immune to petrification.
You are immune to rotting.
You tend to lose your temper in combat.


Message History

* * * LOW HITPOINT WARNING * * *
You pummel the large abomination!!
You destroy the large abomination!
Trog accepts your kill.
You see here an ugly thing corpse.
You start resting.
You are feeling very hungry.
You start resting.
A smoke demon comes into view.
A smoke demon is nearby!
The smoke demon roars!
The smoke demon gestures at you. Something smites you!
* * * LOW HITPOINT WARNING * * *
You completely miss the smoke demon.
The smoke demon hits you but does no damage. x3
You barely miss the smoke demon. The smoke demon gestures at you.
Something smites you!
You die...

.#. .....
'...# #.
#.. .##. .#
##...#....
#.......##
#....#...##
.
#..≈!#....#
#...≈#.†.##
#.≈..3@#
####'†##..#
≈ #/≈#.. ##
≈ ≈≈≈≈ #≈#
# # ≈≈≈≈##
#≈≈ # #≈# ≈
..≈# # ≈
≈..#. ##≈.
. ≈ #


You could see a smoke demon.

Vanquished Creatures
  Jorgrun (Orc:2)
  A tentacled starspawn (Abyss:3)
  Donald (Orc:2)
  A frost giant (D:15)
  A fire giant (D:15)
  An orc warlord (Orc:2)
  Aizul (Shoals:3)
  Nessos (Lair:4)
  3 very ugly things (Abyss:3)
  2 minotaurs
  A blizzard demon (Gauntlet)
  A merfolk javelineer (Shoals:3)
  An ettin (D:15)
  The ghost of Atilupp the Fighter, a journeyman GnWn of Okawaru (D:13)
  A green death (Abyss:3)
  2 great orbs of eyes (D:15)
  5 merfolk impalers
  5 vault guards
  The ghost of Esekla the Carver, a journeyman DrCK of Xom (Lair:3)
  7 hydras
  A catoblepas (Lair:6)
  An ogre mage (D:15)
  2 centaur warriors
  5 two-headed ogres
  4 satyrs
  A tengu warrior (D:15)
  3 deep troll shamans
  An alligator snapping turtle (Shoals:2)
  A merfolk aquamancer (Shoals:2)
  Urug (Lair:3)
  15 death yaks
  3 orc high priests (Orc:2)
  A hell knight (D:15)
  A deep elf knight (D:15)
  A wretched star (Abyss:3)
  A spatial maelstrom (Abyss:3)
  4 wizards
  5 sea snakes
  An unseen horror (D:12)
  A deep elf archer (D:15)
  17 harpies
  Pikel (D:8)
  10 cyclopes
  A deep elf mage (D:15)
  13 orc knights
  13 ugly things
  A shining eye (shapeshifter) (D:15)
  4 orc sorcerers (Orc:2)
  13 fauns
  8 manticores
  A wolf spider (Lair:4)
  14 elephants
  5 black mambas
  Joseph (D:10)
  10 merfolk sirens
  4 centaur zombies
  2 torpor snails
  2 gargoyles (D:14)
  8 spiny frogs
  4 centaur skeletons
  5 rime drakes
  2 kobold demonologists (D:13)
  3 ice devils
  10 yaktaurs (D:15)
  A tengu conjurer (D:15)
  5 komodo dragons
  6 harpy zombies
  A meliai (D:15)
  22 merfolk
  2 wind drakes (Shoals:1)
  A meliai (shapeshifter) (D:14)
  2 polar bears
  A wolf spider simulacrum (D:13)
  5 trolls
  Prince Ribbit (D:6)
  13 slime creatures
  5 hornets
  The ghost of MisterFreud the Slasher, an amateur OpGl of Cheibriados (D:5)
  12 blink frogs
  27 dream sheep
  9 hippogriffs
  A harpy skeleton (D:15)
  A ynoxinul (Abyss:3)
  A spriggan (D:15)
  6 snapping turtles
  2 vampires
  3 shadows
  2 centaur simulacra (D:13)
  7 water elementals (Shoals:2)
  8 wraiths
  8 wyverns
  37 yaks
  21 humans (D:13)
  A large abomination (Abyss:3)
  A basilisk (Lair:6)
  4 vampire mosquitoes
  A hungry ghost (D:11)
  2 steam dragons
  Edmund (D:6)
  5 wargs
  Menkaure (D:4)
  2 acid dragons
  A soldier ant (D:14)
  2 floating eyes (D:15)
  4 hell hounds (Abyss:3)
  9 water moccasins
  7 porcupines
  40 orc warriors
  8 phantoms
  4 ice beasts
  4 slaves (D:8)
  6 sky beasts
  3 black bears
  5 eyes of draining
  2 necrophages (D:11)
  16 ogres
  17 wolves
  A tengu (shapeshifter) (D:14)
  7 centaurs
  12 crocodiles
  A hippogriff zombie (Shoals:1)
  10 big kobolds
  The ghost of Zgarb the Magician, an amateur DEAE (D:4)
  20 bullfrogs
  Blork the orc (Orc:2)
  A wyvern zombie (D:14)
  A wyvern skeleton (D:14)
  5 scorpions
  2 hornet simulacra (D:13)
  A troll zombie (D:11)
  8 killer bees
  3 howler monkeys
  10 wights
  A troll skeleton (D:11)
  2 bullfrog zombies (D:9)
  7 crimson imps
  3 quasits
  5 hounds
  A jelly (D:12)
  3 bullfrog skeletons
  32 orc priests
  Crazy Yiuf (D:5)
  5 human zombies (D:11)
  33 orc wizards
  Jessica (D:2)
  A human skeleton (D:11)
  5 iguanas
  11 worker ants
  A bullfrog simulacrum (D:13)
  A hound zombie (D:8)
  A hound skeleton (D:8)
  A mummy (D:11)
  Robin (D:4)
  A howler monkey skeleton (D:5)
  A worker ant zombie (D:11)
  10 gnolls
  14 adders
  7 shadow imps
  A white imp (Gauntlet)
  An adder zombie (D:6)
  4 adder skeletons
  A worm (D:2)
  2 dart slugs
  5 leopard geckos
  89 orcs
  6 giant cockroaches
  17 goblins
  15 hobgoblins
  10 jackals
  44 kobolds
  4 quokkas
  5 bats
  4 frilled lizards
  2 leopard gecko skeletons
  An orc zombie (D:11)
  6 rats
  A starspawn tentacle (Abyss:3)
1051 creatures vanquished.

Vanquished Creatures (collateral kills)
  3 fauns (Shoals:3)
  A golden eye (shapeshifter) (D:9)
  A black bear (D:9)
  An ice beast (D:9)
  2 phantoms (D:9)
  An ogre (D:9)
  A big kobold (D:9)
  4 killer bees (D:9)
  A scorpion (D:9)
  3 howler monkeys (D:9)
  A quasit (D:9)
  An iguana (D:9)
  A worker ant (D:9)
  A worker ant zombie (D:9)
  A shadow imp (D:9)
  3 orcs (D:9)
  3 kobolds (D:9)
  A fungus (Lair:6)
30 creatures vanquished.

Vanquished Creatures (others)
  4 kobolds (D:4)
  A bush (Lair:3)
  12 fungi
  A lurking horror (Abyss:3)
  20 plants
  2 starspawn tentacles (Abyss:3)
40 creatures vanquished.

Grand Total: 1121 creatures vanquished

Notes
Turn   | Place    | Note
-------+----------+-------------------------------------------
     0 | D:1      | HoaS the Gargoyle Berserker began the quest for the Orb.
     0 | D:1      | Reached XP level 1. HP: 14/14 MP: 1/1
   269 | D:1      | Reached XP level 2. HP: 17/19 MP: 2/2
   972 | D:1      | Reached XP level 3. HP: 22/24 MP: 3/3
  1311 | D:2      | Reached skill level 4 in Unarmed Combat
  1598 | D:2      | Noticed Jessica
  1623 | D:2      | Killed Jessica
  1623 | D:2      | Reached XP level 4. HP: 29/29 MP: 4/4
  1796 | D:2      | Reached ** piety under Trog
  2679 | D:4      | Noticed Menkaure
  2693 | D:4      | Killed Menkaure
  2693 | D:4      | Reached skill level 5 in Unarmed Combat
  2693 | D:4      | Reached XP level 5. HP: 9/34 MP: 5/5
  2693 | D:4      | Reached XP level 6. HP: 11/40 MP: 6/6
  3083 | D:4      | Found a runed translucent gate.
  3083 | D:4      | Found a runed translucent gate.
  3083 | D:4      | Found a runed translucent gate.
  3084 | D:4      | Noticed Zgarb's ghost (amateur DEAE)
  3164 | D:4      | Noticed Robin
  3207 | D:4      | Killed Robin
  3530 | D:4      | Reached skill level 5 in Fighting
  3675 | D:4      | Reached skill level 6 in Unarmed Combat
  3980 | D:4      | Reached XP level 7. HP: 44/44 MP: 7/7
  4007 | D:4      | Killed Zgarb's ghost
  4103 | D:5      | Entered Level 5 of the Dungeon
  4163 | D:5      | Reached skill level 7 in Unarmed Combat
  4546 | D:5      | Found a shimmering altar of Xom.
  4574 | D:5      | Reached *** piety under Trog
  4574 | D:5      | Reached XP level 8. HP: 52/52 MP: 8/8
  4610 | D:5      | Found a hide-covered altar of Uskayaw.
  4625 | D:5      | Found a runed translucent gate.
  4625 | D:5      | Found a runed translucent gate.
  4625 | D:5      | Found a runed translucent gate.
  4626 | D:5      | Identified the +10 short sword "Giry" {chaos, rPois rF+ MR+
                  | Stlth+}
  4626 | D:5      | Noticed MisterFreud's ghost (amateur OpGl)
  4804 | D:5      | Reached skill level 8 in Unarmed Combat
  4997 | D:5      | Found a runed translucent door.
  4998 | D:5      | Noticed Crazy Yiuf
  5140 | D:5      | Killed Crazy Yiuf
  5296 | D:5      | Killed MisterFreud's ghost
  5454 | D:5      | Reached skill level 9 in Unarmed Combat
  5827 | D:6      | Reached XP level 9. HP: 44/58 MP: 9/9
  6023 | D:6      | Reached skill level 10 in Unarmed Combat
  6084 | D:6      | Noticed Prince Ribbit
  6212 | D:6      | Killed Prince Ribbit
  6304 | D:6      | Noticed Edmund
  6314 | D:6      | Killed Edmund
  6621 | D:7      | Reached **** piety under Trog
  6644 | D:7      | Reached skill level 11 in Unarmed Combat
  6689 | D:7      | Found a staircase to the Ecumenical Temple.
  6736 | D:7      | Found a flagged portal.
  6750 | Bailey   | Entered a bailey
  6756 | Bailey   | Noticed an orc knight
  7069 | D:7      | Reached XP level 10. HP: 61/66 MP: 10/10
  7433 | D:8      | Noticed Pikel
  7458 | D:8      | Killed Pikel
  7458 | D:8      | Reached skill level 12 in Unarmed Combat
  7488 | D:8      | Reached skill level 10 in Fighting
  7649 | D:8      | Reached ***** piety under Trog
  8195 | D:9      | Noticed a two-headed ogre
  8207 | D:9      | Killed a two-headed ogre
  8251 | D:9      | Reached XP level 11. HP: 76/76 MP: 11/11
  8251 | D:9      | Noticed a centaur warrior
  8256 | D:9      | Noticed a green ugly thing
  8260 | D:9      | Killed a centaur warrior
  8267 | D:9      | Killed a green ugly thing
  8310 | D:9      | Reached skill level 13 in Unarmed Combat
  8323 | D:9      | Received a gift from Trog
  8666 | D:9      | Found a staircase to the Lair.
  9093 | D:10     | Entered Level 10 of the Dungeon
  9174 | D:10     | Noticed Joseph
  9194 | D:10     | Killed Joseph
 10068 | Lair:1   | Entered Level 1 of the Lair of Beasts
 10812 | Lair:2   | Reached skill level 14 in Unarmed Combat
 11043 | Lair:2   | Reached XP level 12. HP: 77/84 MP: 12/12
 11875 | Lair:3   | Reached skill level 5 in Armour
 11875 | Lair:3   | Reached skill level 15 in Unarmed Combat
 11943 | Lair:3   | Found a runed translucent gate.
 11943 | Lair:3   | Found a runed translucent gate.
 11943 | Lair:3   | Found a runed translucent gate.
 11943 | Lair:3   | Noticed a minotaur
 11944 | Lair:3   | Noticed Esekla's ghost (journeyman DrCK)
 12149 | Lair:3   | Noticed Urug
 12171 | Lair:3   | Killed Urug
 12554 | Lair:4   | Reached XP level 13. HP: 81/90 MP: 13/13
 12746 | Lair:4   | Found a hole to the Spider Nest.
 12753 | Lair:4   | Reached skill level 16 in Unarmed Combat
 12924 | Lair:4   | Reached ****** piety under Trog
 13262 | Lair:4   | Found a staircase to the Shoals.
 13382 | Lair:4   | Noticed Nessos
 13399 | Lair:4   | Killed Nessos
 13673 | Lair:5   | Found a viscous altar of Jiyva.
 13673 | Lair:5   | Found a staircase to the Slime Pits.
 13848 | Lair:5   | Reached skill level 15 in Fighting
 14116 | Lair:5   | Reached skill level 17 in Unarmed Combat
 14241 | Lair:5   | Gained mutation: Your large and strong wings let you fly
                  | indefinitely. [Gargoyle growth]
 14241 | Lair:5   | Reached XP level 14. HP: 87/98 MP: 14/14
 14963 | Lair:3   | Killed Esekla's ghost
 15040 | Lair:6   | Entered Level 6 of the Lair of Beasts
 15133 | Lair:6   | Received a gift from Trog
 15569 | Lair:6   | Reached skill level 18 in Unarmed Combat
 16584 | D:11     | Found a staircase to the Orcish Mines.
 17076 | D:11     | Received a gift from Trog
 17132 | D:11     | Found a basalt altar of Yredelemnul.
 17531 | D:12     | Reached XP level 15. HP: 106/108 MP: 15/15
 17969 | Orc:1    | Entered Level 1 of the Orcish Mines
 17970 | Orc:1    | Upgraded the game from 0.26-a0-20-g5f92b90fa0 to
                  | 0.26-a0-21-gf97e55dc39
 17972 | Orc:1    | Received a gift from Trog
 18193 | Orc:2    | Entered Level 2 of the Orcish Mines
 18218 | Orc:2    | Found a staircase to the Elven Halls.
 18220 | Orc:2    | Found a gate leading to a gauntlet.
 18229 | Gauntlet | Entered a Gauntlet
 18229 | Gauntlet | Found a transporter.
 18244 | Gauntlet | Found a transporter.
 18254 | Gauntlet | Found a transporter.
 18259 | Gauntlet | Found a transporter.
 18276 | Gauntlet | Found a transporter.
 18292 | Gauntlet | Found a transporter.
 18305 | Gauntlet | Noticed a cacodemon
 18307 | Gauntlet | Found a transporter.
 18315 | Gauntlet | Found a transporter.
 18315 | Gauntlet | Found a transporter.
 18332 | Gauntlet | Found a transporter.
 18344 | Gauntlet | Found a transporter.
 18352 | Gauntlet | Found a large runed translucent door.
 18353 | Gauntlet | Found a large runed translucent door.
 18354 | Gauntlet | Found a large runed translucent door.
 18354 | Gauntlet | Found a large runed translucent door.
 18355 | Gauntlet | Found a runed translucent gate.
 18356 | Gauntlet | Found a transporter.
 18356 | Gauntlet | Found a runed translucent gate.
 18357 | Gauntlet | Found a runed translucent gate.
 18358 | Gauntlet | Found a large runed translucent door.
 18358 | Gauntlet | Found a large runed translucent door.
 18359 | Gauntlet | Found a large runed translucent door.
 18360 | Gauntlet | Found a large runed translucent door.
 18369 | Gauntlet | Found a large runed translucent door.
 18369 | Gauntlet | Found a large runed translucent door.
 18369 | Gauntlet | Found a runed translucent door.
 18369 | Gauntlet | Found a runed translucent door.
 18370 | Gauntlet | Found a large runed translucent door.
 18371 | Gauntlet | Found a large runed translucent door.
 18373 | Gauntlet | Found a transporter.
 18381 | Gauntlet | Found a large runed translucent door.
 18381 | Gauntlet | Found a large runed translucent door.
 18382 | Gauntlet | Found a large runed translucent door.
 18383 | Gauntlet | Found a large runed translucent door.
 18391 | Gauntlet | Found a transporter.
 18393 | Gauntlet | Found a transporter.
 18418 | Gauntlet | Found a transporter.
 18420 | Gauntlet | Found a transporter.
 18540 | Gauntlet | Found a transporter.
 18695 | Gauntlet | Identified the Almanac of Sinister Conjuration
 18784 | Gauntlet | Got a pair of dazzling gloves
 18795 | Gauntlet | Identified the +3 pair of gloves of Nemelex Xobeh's Grace
                  | {Str+2} (You found it in a Gauntlet)
 18817 | Gauntlet | Identified the cursed +0 short sword "Dagacolawe" {venom,
                  | rC+}
 19194 | Orc:2    | Noticed Jorgrun
 19231 | Orc:2    | Killed Jorgrun
 19372 | Orc:2    | Noticed an orc warlord
 19402 | Orc:2    | Killed an orc warlord
 19477 | Orc:2    | Received a gift from Trog
 19783 | Orc:2    | Noticed Donald
 19820 | Orc:2    | Killed Donald
 19980 | Orc:2    | Paralysed by an orc sorcerer for 5 turns
 20024 | Orc:2    | Found a roughly hewn altar of Beogh.
 20033 | Orc:2    | Noticed Blork the orc
 20047 | Orc:2    | Killed Blork the orc
 20155 | Orc:2    | Found Ynihum's Antique Weapon Shop.
 20172 | Orc:2    | Found Luomp's Book Shop.
 20382 | Orc:2    | Found Wulavull's Antique Weapon Shoppe.
 20387 | Orc:2    | Found Qooptogg's Antique Weapon Boutique.
 20610 | Orc:2    | Found Boaxighy's Antique Armour Shop.
 20624 | Orc:2    | Bought a pair of glowing boots for 165 gold pieces
 20634 | Orc:2    | Identified a +2 pair of boots of running (You bought it in
                  | a shop on level 2 of the Orcish Mines)
 20674 | Orc:2    | Found Benoo's General Store.
 20680 | Orc:2    | Bought a ration for 55 gold pieces
 20680 | Orc:2    | Bought a ration for 55 gold pieces
 20843 | Orc:2    | Bought a glowing plate armour for 572 gold pieces
 20993 | Orc:1    | Found a roughly hewn altar of Beogh.
 21351 | D:13     | Found a runed translucent gate.
 21352 | D:13     | Found a runed translucent gate.
 21394 | D:13     | Noticed Atilupp's ghost (journeyman GnWn)
 21413 | D:13     | Received a gift from Trog
 21557 | D:13     | Reached skill level 19 in Unarmed Combat
 21798 | D:13     | Reached XP level 16. HP: 116/116 MP: 16/16
 21896 | D:13     | Found a gate to the Vaults.
 22018 | D:13     | Found a runed translucent gate.
 22072 | D:13     | Found a roughly hewn altar of Beogh.
 22516 | D:13     | Killed Atilupp's ghost
 22598 | D:13     | Got the ring of Raceitew {Fire}
 22607 | D:13     | Identified the ring of Raceitew {Fire Int+4} (You found it
                  | on level 13 of the Dungeon)
 22734 | D:14     | Found an iron altar of Okawaru.
 22763 | D:14     | Received a gift from Trog
 23253 | D:15     | Entered Level 15 of the Dungeon
 23373 | D:15     | Got a brightly glowing tin ring
 23414 | D:15     | Paralysed by a floating eye for 3 turns
 23495 | D:15     | Got a flickering tin ring
 23497 | D:15     | Identified the ring "Fiec" {rC+ rCorr Dex+4} (You found it
                  | on level 15 of the Dungeon)
 23625 | D:15     | Reached skill level 20 in Unarmed Combat
 23635 | D:15     | Identified the ring of the Death Scarab {+Fly MR+ Int+5
                  | Dex+4 Stlth+} (You found it on level 15 of the Dungeon)
 23784 | D:15     | Found a shattered altar of Ashenzari.
 23869 | D:15     | Gained mutation: You tend to lose your temper in combat. [a
                  | shining eye]
 23961 | D:15     | Found a shimmering blue altar of Sif Muna.
 24129 | D:15     | Got a smoking lead ring
 24131 | D:15     | Identified the cursed ring "Uzaitsul" {EV-4 Int+5 Dex-3}
                  | (You found it on level 15 of the Dungeon)
 24204 | D:15     | Found a staircase to the Depths.
 24252 | D:15     | Received a gift from Trog
 24277 | D:15     | Got a crude glass ring
 24282 | D:15     | Identified the ring of the Priest {*Tele Dex+2} (You found
                  | it on level 15 of the Dungeon)
 24321 | D:15     | Reached XP level 17. HP: 120/122 MP: 17/17
 24430 | D:15     | Found a glowing silver altar of Zin.
 24821 | Shoals:1 | Entered Level 1 of the Shoals
 24821 | Shoals:1 | Found a transporter.
 25111 | Shoals:1 | Found a transporter.
 25122 | Shoals:1 | Noticed Natudy's ghost (adept DDFi)
 25417 | Shoals:1 | Received a gift from Trog
 25902 | Shoals:2 | Reached skill level 21 in Unarmed Combat
 26160 | Shoals:2 | Found Tykish's General Store.
 26958 | Shoals:3 | Received a gift from Trog
 27378 | Shoals:3 | Found a transporter.
 27401 | Shoals:3 | Noticed Aizul
 27424 | Shoals:3 | Killed Aizul
 27513 | Shoals:3 | Noticed vurker's ghost (adept DrCj)
 27611 | Shoals:3 | Found a transporter.
 27773 | Shoals:3 | Cast into level 3 of the Abyss (merfolk aquamancer)
 27774 | Abyss:3  | Upgraded the game from 0.26-a0-21-gf97e55dc39 to
                  | 0.26-a0-27-g1f0226971c
 27823 | Abyss:3  | Noticed a tentacled starspawn
 27830 | Abyss:3  | Killed a tentacled starspawn
 27830 | Abyss:3  | Reached XP level 18. HP: 131/131 MP: 18/18
 27911 | Abyss:3  | Reached skill level 22 in Unarmed Combat
 27926 | Abyss:3  | HP: 5/131 [large abomination (14)]
 27939 | Abyss:3  | HP: 4/131 [smoke demon/divine providence (10)]
 27942 | Abyss:3  | Killed from afar by a smoke demon

Illustrated notes

Levels and vault maps discovered:
D:1:      minmay_arrival_open_corners, layout_basic
D:2:      layout_basic, uniq_jessica
D:3:      layout_basic
D:4:      lemuel_upstairs_altar, layout_loops_corners, first_ration,
          gammafunk_ghost_nasty_kobolds, uniq_robin, uniq_menkaure
D:5:      layout_rooms, xom_teletrap_fun, gammafunk_ghost_nasty_kobolds,
          basic_altar, uniq_crazy_yiuf_cottage
D:6:      layout_rooms, uniq_edmund, uniq_prince_ribbit1
D:7:      minmay_chambers_of_sixes, layout_basic,
          minmay_temple_entry_sparse_star, enter_bailey_3
D:8:      layout_basic, uniq_pikel
D:9:      hangedman_cross_cluster, layout_loops_ring, dpeg_oklobed_lair,
          grunt_ogre_cave
D:10:     layout_basic, uniq_joseph
D:11:     layout_gridville, orc_0_dummy, lemuel_mausoleum_altar_yredelemnul
D:12:     layout_cave_pools, dk_noncrumbling_3
D:13:     layout_irregular_city, grunt_vaults_entry_tiered, gammafunk_ghost_icy,
          david_defended_altar_orc
D:14:     layout_cave_pools, minivault_25, okawaru_ov_weapons_minmay
D:15:     hangedman_spin_cycle
Lair:1:   layout_roguey
Lair:2:   layout_gridlike
Lair:3:   layout_gridlike, maelrawn_ghost_gauntlet_escape, uniq_urug
Lair:4:   beast_lair_carwin_large_2, layout_long_grid,
          minmay_shoals_entry_lonely_mermaid, spider_nest_entry_rubble,
          serial_bayou_crossing, serial_bayou_shore_a, uniq_nessos
Lair:5:   layout_cave_pods, slime_altar_1
Lair:6:   grunt_lair_end_beastmaster, layout_gridlike
Shoals:1: layout_shoals, gammafunk_ghost_berserking_beasts,
          nicolae_shoals_undead_eyrie
Shoals:2: cheibrodos_shoals_satyrical_garden, layout_shoals, serial_shops, shop
Shoals:3: layout_shoals, gammafunk_ghost_berserking_beasts,
          nicolae_shoals_square_sea_wall, st_sunken_huts, uniq_aizul
Orc:1:    layout_caves, basic_altar, portal_ice_cave_rime
Orc:2:    grunt_orc_cross, layout_diamond_mine, gauntlet_entry_generic,
          guppyfry_orc_lava_fort, uniq_jorgrun, uniq_donald
Abyss:3:  base: D:11, evilmike_abyss_rune_tso_outpost, evilmike_abyss_exit_2,
          minivault_23, base:
D:11

Skill      XL: |  1  2  3  4  5  6  7  8  9 10 11 12 13 14 15 16 17 18 |
---------------+-------------------------------------------------------+-----
Unarmed Combat | 4 5 6 7 9 11 12 14 15 17 18 19 20 21 22 | 22.0
Fighting       | 4 5 6 7 9 12 13 14 15 17 18 19 20 | 20.5
Armour         | 6 8 9 |  9.0
Dodging        | |  1.5

Action                   |  1- 3 |  4- 6 |  7- 9 | 10-12 | 13-15 | 16-18 || total
-------------------------+-------+-------+-------+-------+-------+-------++-------
Melee: Unarmed           |   132 |   161 |   405 |   715 |  1385 |  1046 ||  3844
       Punch             |     3 |       |    18 |    42 |   127 |   101 ||   291
Invok: Berserk           |     1 |       |     2 |     1 |     2 |     2 ||     8
       Trog's Hand       |       |     2 |     1 |       |     3 |     4 ||    10
       Brothers in Arms  |       |       |       |     1 |       |     1 ||     2
 Abil: Fly               |       |       |       |       |     2 |       ||     2
       Stop Flying       |       |       |       |       |     1 |       ||     1
Evoke: Wand              |       |       |       |       |     6 |       ||     6
  Use: Scroll            |       |       |    21 |     7 |     8 |     8 ||    44
  Eat: Chunk             |     2 |     9 |     6 |    20 |    36 |    22 ||    95
       Ration            |       |       |     2 |       |       |       ||     2
Armor: Animal skin       |    37 |    30 |       |       |       |       ||    67
       Ring mail         |       |    23 |    78 |       |       |       ||   101
       Plate armour      |       |       |   118 |   477 |  1013 |   944 ||  2552
       Skin              |       |       |       |    49 |       |       ||    49
Dodge: Dodged            |    82 |    82 |   132 |   251 |   486 |   365 ||  1398

Table legend:
 A = Non-vault XP
 B = Vault XP
 C = Vault XP percentage of total XP
 D = Non-vault monster count
 E = Vault monster count
 F = Vault count percentage of total count
                 A         B        C        D         E       F
            +---------+---------+-------+---------+---------+-------
      Total |  141738 |  110697 |  43.9 |     760 |     315 |  29.3
            +---------+---------+-------+---------+---------+-------
        D:1 |      36 |       0 |   0.0 |      20 |       0 |   0.0
        D:2 |      41 |      37 |  47.4 |      14 |       1 |   6.7
        D:3 |      45 |       0 |   0.0 |      20 |       0 |   0.0
        D:4 |     190 |     453 |  70.5 |      13 |      19 |  59.4
        D:5 |     718 |     409 |  36.3 |      13 |       8 |  38.1
        D:6 |     975 |     449 |  31.5 |      23 |       2 |   8.0
        D:7 |    1130 |     367 |  24.5 |      31 |       9 |  22.5
        D:8 |    1272 |     593 |  31.8 |      32 |       1 |   3.0
        D:9 |    3488 |    2486 |  41.6 |      43 |      22 |  33.8
       D:10 |    2238 |     445 |  16.6 |      21 |       1 |   4.5
       D:11 |    4857 |     719 |  12.9 |      51 |      12 |  19.0
       D:12 |    4608 |       0 |   0.0 |      31 |       0 |   0.0
       D:13 |    8189 |   10801 |  56.9 |      59 |      40 |  40.4
       D:14 |    8929 |       0 |   0.0 |      39 |       0 |   0.0
       D:15 |     288 |   35723 |  99.2 |       1 |      76 |  98.7
     Lair:1 |    1738 |       0 |   0.0 |       9 |       0 |   0.0
     Lair:2 |    4023 |       0 |   0.0 |      21 |       0 |   0.0
     Lair:3 |    9340 |    3685 |  28.3 |      39 |       5 |  11.4
     Lair:4 |    5933 |    6179 |  51.0 |      24 |       9 |  27.3
     Lair:5 |   11936 |       0 |   0.0 |      28 |       0 |   0.0
     Lair:6 |    9478 |   10051 |  51.5 |      29 |      19 |  39.6
   Shoals:1 |   13180 |    1634 |  11.0 |      33 |       6 |  15.4
   Shoals:2 |   17374 |    3974 |  18.6 |      37 |       6 |  14.0
   Shoals:3 |   14851 |    6833 |  31.5 |      28 |       9 |  24.3
      Orc:1 |    1993 |    1320 |  39.8 |      41 |       3 |   6.8
      Orc:2 |    4867 |   20180 |  80.6 |      45 |      56 |  55.4
    Abyss:3 |   10021 |       0 |   0.0 |      15 |       0 |   0.0
   Gauntlet |       0 |    4359 | 100.0 |       0 |      11 | 100.0
            +---------+---------+-------+---------+---------+-------
